 Dungeon Crawl Stone Soup version 0.27-a0-1137-g3ef0f4ec91 (webtiles) character file.

Game seed: 5990797879771346009

52 reriks the Sneak (level 3, 0/18 HPs)
             Began as a Spriggan Brigand on May 6, 2021.
             Succumbed to a goblin's poison
             ... on level 2 of the Dungeon.
             The game lasted 00:00:47 (1164 turns).

reriks the Sneak (Spriggan Brigand)                 Turns: 1164, Time: 00:00:48

Health: 0/18       AC:  3    Str:  7    XL:     3   Next: 60%
Magic:  4/4        EV: 17    Int: 12    God:
Gold:   57         SH:  0    Dex: 17    Spells: 2/2 levels left

rFire    . . .     SeeInvis +   g - +1 dagger (venom)
rCold    . . .     Faith    .   (shield restricted)
rNeg     . . .     Spirit   .   b - +0 robe
rPois    .         Reflect  .   (helmet restricted)
rElec    .         Harm     .   c - +0 cloak
rCorr    .         Rampage  .   (gloves unavailable)
Will     .....                  (boots unavailable)
Stlth    +++.......             (no amulet)
HPRegen  0.06/turn              (no ring)
MPRegen  0.09/turn              (no ring)

@: lethally poisoned (0 -> -1), very quick
A: very small, no large weapons, unfitting armour, see invisible, speed 3
a: no special abilities


You were on level 2 of the Dungeon.
You visited 1 branch of the dungeon, and saw 2 of its levels.

You collected 57 gold pieces.

Inventory:

Hand Weapons
 a - a +2 dagger
 g - a +1 dagger of venom (weapon)
Missiles
 d - 8 poisoned darts (quivered)
 e - 2 curare-tipped darts
Armour
 b - a +0 robe (worn)
 c - a +0 cloak (worn)


   Skills:
 + Level 2.0 Fighting
 + Level 2.7 Short Blades
 + Level 2.5 Throwing
 + Level 2.4 Dodging
 + Level 6.3 Stealth


You had 2 spell levels left.
You didn't know any spells.
Your spell library was empty.

Dungeon Overview and Level Annotations

Branches:
Dungeon (2/15)

Altars:


Innate Abilities, Weirdness & Mutations

You are very small and have problems with some larger weapons.
You are too small for most types of armour.
You have supernaturally acute eyesight. (SInv)
You cover ground extremely quickly. (Speed+++)


Message History

You kill the goblin!
You feel very sick.
No target in view!
There is a lethal amount of poison in your body!
No target in view!
No target in view!
No target in view!
There is a lethal amount of poison in your body!
There is a lethal amount of poison in your body!
No target in view!
No target in view!
No target in view!
Unknown command.
You feel sick.
You see here a +1 dagger of venom.
g - a +1 dagger of venom You feel sick.
Your +1 dagger of venom begins to drip with poison!
g - a +1 dagger of venom (weapon)
You feel sick.
There is a lethal amount of poison in your body!
There is a lethal amount of poison in your body!
You aren't carrying any potions.
* * * LOW HITPOINT WARNING * * *
You feel sick.
* * * LOW HITPOINT WARNING * * *
You feel sick.
* * * LOW HITPOINT WARNING * * *
You feel sick.
* * * LOW HITPOINT WARNING * * *
You feel sick.
Okay, then.
As you read the scroll labelled KUJAWA LUTU, it crumbles to dust.
The scroll dissolves into smoke.
It was a scroll of fog.
* * * LOW HITPOINT WARNING * * *
You feel sick.
A worm comes into view.
* * * LOW HITPOINT WARNING * * *
You feel sick.
You die...

.........#
.........#
.........#
.........#
.........# .....
.........# .....
.........####
....
...w...@..§§#
######.##
..........§§#
#...##...
........§§§§#
#...##(..
.########§§§#
#...##...
#§§§####........
#§§§..........#.
#.............#.
#.............#.
#...............


You could see a worm.

Vanquished Creatures
  An iguana (D:2)
  A dart slug (D:1)
  A ball python (D:1)
  5 endoplasms
  3 goblins
  3 hobgoblins (D:1)
  2 kobolds (D:1)
  A quokka (D:1)
  2 bats (D:1)
  3 rats
22 creatures vanquished.

Vanquished Creatures (others)
  A plant (D:1)
1 creature vanquished.

Grand Total: 23 creatures vanquished

Notes
Turn   | Place    | Note
-------+----------+-------------------------------------------
     0 | D:1      | reriks the Spriggan Brigand began the quest for the Orb.
     0 | D:1      | Reached XP level 1. HP: 10/10 MP: 2/2
   261 | D:1      | Reached skill level 6 in Stealth
   350 | D:1      | Reached XP level 2. HP: 15/15 MP: 3/3
  1093 | D:2      | Reached XP level 3. HP: 18/18 MP: 4/4
  1164 | D:2      | Succumbed to a goblin's poison

Illustrated notes

Levels and vault maps discovered:
D:1:      co_arrival_square_in_a_square_in_a_square, layout_rooms,
          serial_forest, infiniplex_forest_clump_double,
          infiniplex_forest_lined_3, infiniplex_forest_clump_small,
          infiniplex_forest_straight_4, infiniplex_forest_end_double,
          infiniplex_forest_clump_C, infiniplex_forest_clump_curved
D:2:      layout_basic, uniq_natasha, uniq_terence, uniq_jessica

Skill      XL: |  1  2 |
---------------+-------+-----
Stealth        | 6 |  6.3
Dodging        | 2 |  2.4
Fighting       | 2 |  2.0
Short Blades   | |  2.7
Throwing       | |  2.5

Action                   || total
-------------------------++-------
Melee: Dagger            ||    61
  Use: Scroll            ||     1
 Stab: Sleeping          ||     4
       Distracted        ||     1
Armor: Robe              ||     1
Dodge: Dodged            ||    34

Table legend: (Time is in decaauts)
 A = Elapsed time spent in this place.
 B = Non-inter-level travel time spent in this place.
 C = Inter-level travel time spent in this place.
 D = Time resting spent in this place.
 E = Time spent auto-exploring this place.
 F = Levels seen in this place.
 G = Mean time per level.
                   A        B        C        D        E       F      G
               +--------+--------+--------+--------+--------+-----+--------+
         Total |    940 |    924 |     16 |    169 |    638 |   2 |  470.0 |
       Dungeon |    940 |    924 |     16 |    169 |    638 |   2 |  470.0 |
               +--------+--------+--------+--------+--------+-----+--------+

Top non-repeatable levels by time:
     D:1: 877 daAuts
     D:2: 63 daAuts
